 Dungeon Crawl Stone Soup version 0.29-a0-251-g80730f7218 (webtiles) character file.

Game seed: 16959045323119676955

480 sammy202020 the Skirmisher (level 7, 0/44 HPs)
             Began as a Gargoyle Fighter on Mar 5, 2022.
             Killed from afar by an orc wizard (2 damage)
             ... with a magic dart
             ... on level 4 of the Dungeon.
             The game lasted 00:06:59 (3346 turns).

sammy202020 the Skirmisher (Gargoyle Fighter)       Turns: 3346, Time: 00:06:59

Health: 0/44       AC: 13    Str: 19    XL:     7   Next: 11%
Magic:  0/7        EV:  4    Int: 11    God:
Gold:   131        SH:  0    Dex:  9    Spells: 6/6 levels left

rFire   . . .      SeeInvis .   a - +0 flail
rCold   . . .      Faith    .   c - +0 buckler
rNeg    + . .      Spirit   +   i - +0 chain mail
rPois   ∞          Reflect  .   h - +0 helmet
rElec   +          Harm     .   o - +0 cloak
rCorr   .          Rampage  .   (no gloves)
Will    .....                   (no boots)
Stlth   ..........              n - amulet of guardian spirit
HPRegen 0.14/turn               p - +4 ring of protection
MPRegen 0.10/turn               (no ring)

@: confused, mighty, corroded, constricted
A: sickness immunity, AC +4, negative energy resistance 1, electricity
resistance, torment resistance 1, petrification resistance
a: no special abilities


You were on level 4 of the Dungeon.
You visited 1 branch of the dungeon, and saw 4 of its levels.

You collected 131 gold pieces.

Inventory:

Hand Weapons
 a - a +0 flail (weapon)
Armour
 c - a +0 buckler (worn)
 h - a +0 helmet (worn)
 i - a +0 chain mail (worn)
 o - a +0 cloak (worn)
Jewellery
 n - an amulet of guardian spirit (around neck)
 p - a +4 ring of protection (left hand)
Wands
 b - a wand of paralysis (9)
 j - a wand of charming (5)
Scrolls
 e - a scroll of amnesia {unknown}
 g - 3 scrolls of identify {unknown}
 l - a scroll of enchant armour {unknown}
Potions
 d - a potion of might
 f - a potion of mutation {unknown}
 k - 3 potions of invisibility {unknown}
 m - 2 potions of berserk rage {unknown}


   Skills:
 * Level 5.2 Fighting
 * Level 4.0 Maces & Flails
 * Level 5.1 Armour
 + Level 1.5 Dodging
 + Level 4.3 Shields


You had 6 spell levels left.
You didn't know any spells.
Your spell library contained the following spells:

 Spells                   Type           Power      Damage    Failure   Level
 Call Canine Familiar     Summ           0%         N/A       100%        3
 Confusing Touch          Hex            0%         N/A       100%        3
 Portal Projectile        Hex/Tloc       0%         N/A       100%        3
 Leda's Liquefaction      Hex/Erth       0%         N/A       100%        4
 Yara's Violent Unravell  Hex/Tmut       0%         3d3       100%        5
 Enfeeble                 Hex            0%         N/A       100%        7


Dungeon Overview and Level Annotations

Branches:
Dungeon (4/15)
 Temple: D:4-7

Altars:
The Shining One


Innate Abilities, Weirdness & Mutations

You are immune to sickness and miasma.
Your stone body is resilient. (AC +4)
You are immune to poison.
You resist negative energy. (rN+)
You are resistant to electric shocks. (rElec)
You are resistant to unholy torment.
You are immune to petrification.


Message History

The ball python constricts you. The jelly hits you but does no damage.
You block the ball python's attack. The ball python constricts you.
You sock the jelly!
You kill the jelly!
The ball python bites you but does no damage.
The ball python constricts you.
Your Maces & Flails skill increases to level 4!
You sock the orc wizard!
The orc wizard is severely wounded.
The orc priest looks satisfied for a moment.
The ball python bites you but does no damage.
The ball python constricts you.
* * * LOW HITPOINT WARNING * * *
The orc wizard barely misses you.
The ball python bites you but does no damage.
The ball python constricts you.
* * * LOW HITPOINT WARNING * * *
You closely miss the ball python. The hound bites you but does no damage.
The orc wizard hits you but does no damage.
You block the ball python's attack. The ball python constricts you.
You block the hound's attack.
The orc wizard points at you and mumbles some strange words.
You are confused.
You bump into the rock wall.
The hound barely misses you.
The ball python bites you but does no damage.
The ball python constricts you. The hound bites you but does no damage.
The orc wizard hits you but does no damage.
You're too confused to move!
The ball python completely misses you. The ball python constricts you.
The hound bites you but does no damage. The orc wizard completely misses you.
You closely miss the ball python.
The ball python bites you but does no damage.
The ball python constricts you. The hound bites you.
* * * LOW HITPOINT WARNING * * *
The hound barely misses you.
The ball python bites you but does no damage.
The ball python constricts you.
The orc wizard points at you and mumbles some strange words.
The magic dart hits you.
You die...

# ########## ### .
.........#########.# .#
#######............###.###
..........................
........##.#..[.........<.
......####.#.##...........
.####.# #.#.##..h.†......
.# #.# #.#.###@#####....
.# #.# #.#.# #oS# ... .#
#.# #...# ##o####o... .#
..# ########o....#... .#
### ....[.....oS.... .#
.#######........ .#
#....#### .. #....# ###
#....#


You could see a hound, an orc priest, an orc wizard, an orc and a ball python.

Vanquished Creatures
  Blork the orc (D:4)
  2 scorpions
  A jelly (D:4)
  An orc priest (D:4)
  Jessica (D:3)
  An iguana (D:2)
  Natasha (D:2)
  An orc wizard (D:4)
  Robin (D:2)
  3 adders
  An adder skeleton (D:2)
  A worm (D:3)
  2 dart slugs
  5 orcs
  4 bats
  2 bat skeletons (D:2)
  2 bat zombies (D:2)
  5 endoplasms
  3 giant cockroaches
  9 goblins
  4 hobgoblins
  4 jackals (D:1)
  3 quokkas
  3 ball pythons
  5 ball python skeletons (D:2)
  A ball python zombie (D:2)
  2 frilled lizards
  A giant cockroach zombie (D:2)
  2 jackal zombies (D:2)
  7 kobolds
  4 quokka skeletons (D:2)
  2 quokka zombies (D:2)
  8 rats
93 creatures vanquished.

Vanquished Creatures (others)
  A plant (D:1)
  A withered plant (D:2)
2 creatures vanquished.

Grand Total: 95 creatures vanquished

Notes
Turn   | Place    | Note
-------+----------+-------------------------------------------
     0 | D:1      | sammy202020 the Gargoyle Fighter began the quest for the
                  | Orb.
     0 | D:1      | Reached XP level 1. HP: 14/14 MP: 1/1
   216 | D:1      | Reached XP level 2. HP: 17/19 MP: 2/2
   320 | D:1      | Found a faded altar of an unknown god.
   768 | D:1      | Reached XP level 3. HP: 24/24 MP: 3/3
   871 | D:2      | Noticed Robin
   887 | D:2      | Killed Robin
  1064 | D:2      | Noticed Natasha
  1084 | D:2      | Killed Natasha
  1085 | D:2      | Reached XP level 4. HP: 21/29 MP: 4/4
  1630 | D:2      | Reached XP level 5. HP: 11/33 MP: 5/5
  2351 | D:3      | Reached skill level 1 in Dodging
  2409 | D:3      | Noticed Jessica
  2414 | D:3      | Killed Jessica
  2417 | D:3      | Reached XP level 6. HP: 38/39 MP: 6/6
  2614 | D:3      | Found a glowing golden altar of the Shining One.
  3100 | D:4      | Reached skill level 5 in Fighting
  3137 | D:4      | Noticed Blork the orc
  3145 | D:4      | Killed Blork the orc
  3146 | D:4      | Reached skill level 5 in Armour
  3146 | D:4      | Reached XP level 7. HP: 25/44 MP: 2/7
  3346 | D:4      | HP: 2/44 [hound (4)]
  3346 | D:4      | Killed from afar by an orc wizard

Illustrated notes

Levels and vault maps discovered:
D:1:      dpeg_arrival_tiny_d, layout_loops_ring,
          chequers_ecumenical_altar_lobes
D:2:      layout_basic, serial_undead, serial_undead_f, serial_undead_d,
          serial_undead_d, serial_undead_f, serial_undead_b, serial_undead_d,
          serial_undead_c, serial_undead_f, serial_undead_a, serial_undead_f,
          uniq_crazy_yiuf_cottage, uniq_robin, uniq_natasha
D:3:      layout_basic, mainiacjoe_overflow_concentric_impassable, uniq_jessica
D:4:      layout_basic, st_stairs_5, uniq_blork_the_orc

Skill      XL: |  1  2  3  4  5  6  7 |
---------------+----------------------+-----
Fighting       | 4 5 |  5.2
Armour         | 4 5 |  5.1
Maces & Flails | 3 4 |  4.0
Dodging        | 1 |  1.5
Shields        | 4 |  4.3

Action                   |  1- 3 |  4- 6 |  7- 9 || total
-------------------------+-------+-------+-------++-------
Melee: Flail             |    96 |   210 |    14 ||   320
  Use: Potion            |       |       |     1 ||     1
Armor: Scale mail        |    68 |    16 |       ||    84
       Chain mail        |       |   147 |    18 ||   165
Dodge: Dodged            |    50 |    83 |    12 ||   145
Block: Buckler           |    17 |    38 |     8 ||    63

Table legend: (Time is in decaauts)
 A = Elapsed time spent in this place.
 B = Non-inter-level travel time spent in this place.
 C = Inter-level travel time spent in this place.
 D = Time resting spent in this place.
 E = Time spent auto-exploring this place.
 F = Levels seen in this place.
 G = Mean time per level.
                   A        B        C        D        E       F      G
               +--------+--------+--------+--------+--------+-----+--------+
         Total |   3457 |   3421 |     36 |    150 |   2459 |   4 |  864.2 |
       Dungeon |   3457 |   3421 |     36 |    150 |   2459 |   4 |  864.2 |
               +--------+--------+--------+--------+--------+-----+--------+

Top non-repeatable levels by time:
     D:2: 1543 daAuts
     D:1: 874 daAuts
     D:3: 699 daAuts
     D:4: 340 daAuts
